 Dungeon Crawl Stone Soup version 0.24.1-8-ga250c9d538 (webtiles) character file.

Game seed: 5341866812344601396, levelgen mode: deterministic

203 Hugehornet the Changer (level 5, -1/33 HPs)
             Began as an Octopode Transmuter on May 2, 2020.
             Slain by a killer bee (10 damage)
             ... on level 3 of the Dungeon.
             The game lasted 00:07:46 (3086 turns).

Hugehornet the Changer (Octopode Transmuter)        Turns: 3086, Time: 00:07:47

Health: -1/33      AC:  1    Str:  9    XL:     5   Next: 81%
Magic:  8/8        EV: 16    Int: 17    God:
Gold:   168        SH:  0    Dex: 12    Spells: 2/8 levels left

rFire    . . .     SeeInvis .     - Unarmed
rCold    . . .     Gourm    .   (no shield)
rNeg     . . .     Faith    .   (helmet restricted)
rPois    .         Spirit   .   (no amulet)
rElec    .         Reflect  .   f - ring of wizardry
rCorr    .         Harm     .   m - +3 ring of evasion
MR       .....     Rnd*Tele +   n - ring of teleportation (curse)
Stlth    ++........             (no ring)
HPRegen  0.11/turn              (no ring)
MPRegen  0.11/turn              (no ring)
                                (no ring)
                                (no ring)

@: lethally poisoned (-1 -> -18), about to teleport, appendage
A: almost no armour, stealthy swim, amphibious, 8 rings, constrict 8, tentacle
spike 3, camouflage 1, gelatinous body 1
a: End Transformation


You were on level 3 of the Dungeon.
You were hungry.
One of your tentacles had a temporary spike.
You visited 1 branch of the dungeon, and saw 3 of its levels.

You collected 168 gold pieces.

Inventory:

Missiles
 a - 12 arrows
Jewellery
 f - a ring of wizardry (left tentacle)
 m - a +3 ring of evasion (right tentacle)
 n - a cursed ring of teleportation (on tentacle)
Wands
 g - a wand of flame (8)
Scrolls
 h - a scroll of amnesia
 i - 3 scrolls of remove curse
Potions
 b - a potion of cancellation
 e - 2 potions of brilliance
Comestibles
 c - 5 rations


   Skills:
 - Level 1.0 Fighting
 - Level 2.0 Dodging
 * Level 3.1 Unarmed Combat
 - Level 2.0 Spellcasting
 - Level 5.8 Transmutations


You had 2 spell levels left.
You knew the following spells:

 Your Spells              Type           Power        Failure   Level  Hunger
a - Beastly Appendage     Tmut           ###...       1%          1    #......
b - Sticks to Snakes      Tmut           ###.....     1%          2    ###....
c - Spider Form           Tmut/Pois      ##........   8%          3    ###....

Your spell library contained the following spells:

 Spells                   Type           Power        Failure   Level  Hunger
 Blade Hands              Tmut           ###.......   21%         5    ######.
 Ice Form                 Ice/Tmut       ##......     24%         4    #####..


Dungeon Overview and Level Annotations

Branches:
Dungeon (3/15)

Altars:


Innate Abilities, Weirdness & Mutations

You cannot wear most types of armour.
You are very stealthy in the water. (Stealth+)
You are amphibious.
You can wear up to eight rings at the same time.
You can use your tentacles to constrict eight enemies at once.
Your skin changes colour to match your surroundings (Stealth+).
Your rubbery body absorbs attacks. (AC +1, EV +1)
One of your tentacles bears a large vicious spike.


Message History

The killer bee buzzes angrily.
The killer bee looks frightened!
It was a scroll of fear.
You feel sick.
You feel sick.
A killer bee comes into view.
You feel sick.
The killer bee buzzes angrily.
You hear a shout!
A goblin comes into view. It is wielding a +0 club.
You feel sick.
You feel sick.
Okay, then.
As you read the scroll labeled ZAMU VASCHOISCHE, it crumbles to dust.
You feel strangely unstable.
It was a scroll of teleportation.
You feel sick. The killer bee barely misses you. The killer bee stings you.
You are lethally poisoned!
The killer bee poisons you!
* * * LOW HITPOINT WARNING * * *
You feel sick.
A hobgoblin comes into view. It is wielding a +0 club.
The killer bee stings you!
You die...

#.. #.# #.#
###.###
######.....##
#######.#...
...##..#+#..#
#.....g...#
...##.##
##.####.#####...#
......# #...##y#
y# ....###
###..#@##### ...##
##......># .<.#
#.#.###..g. ...##
#.#.# .. ....###
#..#.# ###...#
....... ##..##
#...##.#
####...###....##.#
......))...#..# .#


You could see a killer bee and a hobgoblin.

Vanquished Creatures
  2 orc wizards (D:3)
  A gnoll (D:1)
  7 adders (D:2)
  2 oozes
  2 dart slugs
  A leopard gecko (D:2)
  6 orcs
  2 bats
  5 giant cockroaches
  11 goblins
  6 hobgoblins
  2 jackals (D:1)
  A quokka (D:2)
  8 frilled lizards
  4 kobolds
  A rat (D:3)
61 creatures vanquished.

Notes
Turn   | Place    | Note
-------+----------+-------------------------------------------
     0 | D:1      | Hugehornet the Octopode Transmuter began the quest for the
                  | Orb.
     0 | D:1      | Reached XP level 1. HP: 13/13 MP: 3/3
    92 | D:1      | Reached XP level 2. HP: 7/18 MP: 1/5
   357 | D:1      | Reached skill level 3 in Transmutations
   431 | D:1      | Reached XP level 3. HP: 5/23 MP: 4/6
   699 | D:1      | Learned a level 2 spell: Sticks to Snakes
   703 | D:1      | Learned a level 3 spell: Spider Form
  1255 | D:2      | Reached skill level 4 in Transmutations
  1290 | D:2      | Reached XP level 4. HP: 11/28 MP: 7/7
  2246 | D:2      | Reached skill level 5 in Transmutations
  2468 | D:2      | Reached XP level 5. HP: 29/33 MP: 6/8
  3086 | D:3      | Slain by a killer bee

Levels and vault maps discovered:
D:1:      lemuel_arrival_river_bridge, layout_basic, minmay_nonomino_d4
D:2:      minmay_chambers_of_twos, layout_loops_ring
D:3:      cheibrodos_greedy_goblins, layout_loops_corners,
          minmay_stone_trees_medium, minmay_tree_intersection

Skill      XL: |  1  2  3  4 |
---------------+-------------+-----
Transmutations | 3 4 5 |  5.8
Fighting       | |  1.0
Dodging        | |  2.0
Unarmed Combat | |  3.1
Spellcasting   | |  2.0

Action                   |  1- 3 |  4- 6 || total
-------------------------+-------+-------++-------
Melee: Unarmed           |    62 |    94 ||   156
       Constrict         |    15 |    22 ||    37
       Kick              |    11 |    22 ||    33
       Tentacles         |     7 |    10 ||    17
       Punch             |       |     2 ||     2
 Cast: Beastly Appendage |    17 |    20 ||    37
       Spider Form       |       |     1 ||     1
  Use: Scroll            |       |     7 ||     7
 Stab: Sleeping          |     2 |     6 ||     8
  Eat: Chunk             |     1 |     6 ||     7
Armor: Skin              |     4 |     8 ||    12
Dodge: Dodged            |    32 |    69 ||   101
